 Dungeon Sprint DCSS version 0.20.1-1-g8b1a95d (webtiles) character file.

0 lol the Caller (level 1, 0/13 HPs)
             Began as a Vampire Summoner on Oct 13, 2017.
             Shot with an arrow by a centaur (9 damage)
             ... in the Dungeon (Sprint VI: "Thunderdome").
             The game lasted 00:03:15 (123 turns).

lol the Caller (Vampire Summoner)                    Turns: 123, Time: 00:03:16

Health: 0/13       AC:  2    Str:  7    XL:     1   Next: 16%
Magic:  1/3        EV: 13    Int: 17    God:
Gold:   0          SH:  0    Dex: 14    Spells: 3/4 levels left

rFire    . . .     SeeInvis +   (no weapon)
rCold    . . .     Gourm    .   (no shield)
rNeg     + . .     Faith    .   a - +0 robe
rPois    .         Spirit   .   (no helmet)
rElec    .         Reflect  .   (no cloak)
rCorr    .         Harm     .   (no gloves)
MR       .....     NoTele   +   (no boots)
Stlth    ++........             (no amulet)
Regen    0.1/turn               (no ring)
MPRegen  0.1/turn               (no ring)

@: no status effects
A: fangs 3, see invisible, unbreathing
a: no special abilities


You were in the Dungeon.
You were not thirsty.

You visited 1 branch

Inventory:

Armour
 a - a +0 robe (worn)
Scrolls
 i - a scroll of blinking
Potions
 c - a potion of blood
 d - a potion of curing
 e - a potion of heal wounds
 f - a potion of haste
 g - 2 potions of magic
 h - a potion of berserk rage
Books
 b - a book of Callings

   Spells                             Type                      Level
   a - Summon Small Mammal            Summoning                    1
   b - Call Imp                       Summoning                    2
   c - Call Canine Familiar           Summoning                    3
   d - Summon Guardian Golem          Hexes/Summoning              3
   e - Summon Lightning Spire         Summoning/Air                4
   f - Summon Ice Beast               Ice/Summoning                4


   Skills:
 + Level 2.4 Dodging
 + Level 3.0 Stealth
 + Level 2.1 Spellcasting
 + Level 4.3 Summonings


You had 3 spell levels left.
You knew the following spells:

 Your Spells              Type           Power        Failure   Level  Hunger
a - Summon Small Mammal   Summ           ###.         3%          1    #......


Dungeon Overview and Level Annotations

Branches:
Dungeon (1/1)

Altars:
Cheibriados
Dithmenos
Fedhas
Gozag
Kikubaaqudgha
Makhleb
Okawaru
Qazlal
Ru
Sif Muna
Trog
Uskayaw
Vehumet
Xom
Yredelemnul
Zin
The Shining One
Beogh
Jiyva
Lugonu

Shops:
D *[%??*?*:[((!!!!


Innate Abilities, Weirdness & Mutations

You have razor-sharp teeth.
You have supernaturally acute eyesight. (SInv)
You can survive without breathing.


Message History

Your bat's corpse disappears in a puff of smoke!
Your rat bites the ogre.
Your rat barely misses the ogre.
The ogre hits your rat with a giant spiked club.
Your rat dies!
Your rat's corpse disappears in a puff of smoke!
Casting: Summon Small Mammal
Confirm with . or Enter, or press ? or * to list all spells.
Your rat bites the ogre.
There's nothing here to drain!
Okay, then.
Casting: Summon Small Mammal
Confirm with . or Enter, or press ? or * to list all spells.
You don't have enough magic to cast that spell.
A centaur comes into view.
The centaur shouts!
The centaur wields a shortbow.
The centaur shoots an arrow.
The arrow barely misses you.
The centaur shoots an arrow.
The arrow hits you!
Ouch! That really hurt!
You die...

#.....# ##....c## ##∩.....∩##
#∩.......∩# #.........#
#_......._# #_......._#
###.........### #⌠......@....⌠#
######.8.........8.######
##∩__.......###.O....___∩##
###∩.......†8.# #.8r.......∩###
#.............###.............##
⌠..........###...###..........⌠#
⌠..........# #.<.# #..........⌠#
⌠........).###...###..........⌠#
#.............###.............##


You could see an ogre, a centaur and a friendly rat.

Vanquished Creatures (collateral kills)
  A hobgoblin (D)
  A quokka (D)
2 creatures vanquished.

Notes
Turn   | Place    | Note
-------+----------+-------------------------------------------
     0 | D        | lol the Vampire Summoner began the quest for the Orb.
     0 | D        | Reached XP level 1. HP: 13/13 MP: 3/3
     1 | D        | Found a viscous altar of Jiyva.
     1 | D        | Found a shimmering altar of Xom.
     2 | D        | Found a blossoming altar of Fedhas.
     2 | D        | Found a deep blue altar of Sif Muna.
     5 | D        | Found a corrupted altar of Lugonu.
     5 | D        | Found a radiant altar of Vehumet.
     5 | D        | Round 1.
     6 | D        | Found Unolasin's Distillery.
     6 | D        | Found a burning altar of Makhleb.
     6 | D        | Found Xenuov's Do-It-Yourself Clinic.
     7 | D        | Found Dieguv's Distillery.
     7 | D        | Found Fooh's Bottled Wisdom.
    19 | D        | Found a glowing silver altar of Zin.
    21 | D        | Found a hide-covered altar of Uskayaw.
    23 | D        | Found a snail-covered altar of Cheibriados.
    25 | D        | Found Poveramy's Weapon Rack.
    26 | D        | Found an iron altar of Okawaru.
    26 | D        | Found a shadowy altar of Dithmenos.
    26 | D        | Found a glowing golden altar of the Shining One.
    26 | D        | Found Nasapn's Premium Goods.
    27 | D        | Found Foeh's Basic Armour.
    27 | D        | Found Metick's Miscellaneous Merchandise.
    38 | D        | Found a sacrificial altar of Ru.
    40 | D        | Found an opulent altar of Gozag.
    42 | D        | Found an ancient bone altar of Kikubaaqudgha.
    44 | D        | Found Visicuh's Identification Station.
    48 | D        | Found Hedumoh's Advanced Armour.
    48 | D        | Found Ohucseimp's Jewellery.
    50 | D        | Found a basalt altar of Yredelemnul.
    50 | D        | Found a bloodstained altar of Trog.
    50 | D        | Found Xeasef's Bee Food.
    54 | D        | Found a roughly hewn altar of Beogh.
    55 | D        | Found a stormy altar of Qazlal.
    57 | D        | Noticed an ogre
    58 | D        | Found Hecemosuss's Magic Scroll Shop.
    58 | D        | Found Vofinugy's Staff Store.
    60 | D        | Found Idghinoeg's Magic Scroll Shop.
    60 | D        | Found Kobbou's Must-Have Magic.
   123 | D        | Noticed a centaur
   123 | D        | Shot with an arrow by a centaur

Action                   || total
-------------------------++-------
Melee: Unarmed           ||     1
 Cast: Summon Small Mamm ||     8
Dodge: Dodged            ||    11
